 Dungeon Crawl Stone Soup version 0.19.1 (webtiles) character file.

65 Aerates the Covered (level 3, -4/33 HPs)
             Began as a Minotaur Fighter on Dec 21, 2016.
             Slain by a worm (7 damage)
             ... on level 2 of the Dungeon.
             The game lasted 00:09:35 (1185 turns).

Aerates the Covered (Minotaur Fighter)              Turns: 1185, Time: 00:09:35

Health: -4/33      AC:  8    Str: 21    XL:     3   Next: 94%
Magic:  2/2        EV:  7    Int:  5    God:
Gold:   74         SH:  9    Dex:  9    Spells: 0 memorised, 2 levels left

rFire  . . .     SeeInvis .     a - +0 war axe
rCold  . . .     Gourm    .     b - +0 scale mail
rNeg   . . .     Faith    .     c - +0 shield
rPois  .         Spirit   .     (helmet restricted)
rElec  .         Reflect  .     (no cloak)
rCorr  .         Harm     .     s - +0 pair of gloves
MR     .....                    (no boots)
Stlth  ..........               (no amulet)
                                (no ring)
                                (no ring)

@: no status effects
A: retaliatory headbutt, horns 2
a: no special abilities


You were on level 2 of the Dungeon.
You were not hungry.

You visited 1 branch of the dungeon, and saw 2 of its levels.

You collected 74 gold pieces.

Inventory:

Hand Weapons
 a - a +0 war axe (weapon)
 h - a +0 spear
 m - a +0 short sword
 n - a +0 short sword
 q - a +0 spear
Armour
 b - a +0 scale mail (worn)
 c - a +0 shield (worn)
 l - a +0 leather armour
 s - a +0 pair of gloves (worn)
Magical Staves
 o - an uncursed staff of wizardry
Scrolls
 g - a scroll of recharging {unknown}
 j - a scroll of enchant armour {unknown}
 p - a scroll of fear {unknown}
Potions
 d - a potion of might
 e - a potion of agility {unknown}
 k - a potion of lignification {unknown}
Books
 i - a book of Minor Magic

   Spells                             Type                      Level
   a - Magic Dart                     Conjuration                  1
   b - Blink                          Translocation                2
   c - Call Imp                       Summoning                    2
   d - Repel Missiles                 Charms/Air                   2
   e - Slow                           Hexes                        2
   f - Conjure Flame                  Conjuration/Fire             3
   g - Mephitic Cloud                 Conjuration/Poison/Air       3
Comestibles
 f - a bread ration
 r - 2 chunks of flesh


   Skills:
 + Level 4.1 Fighting
 + Level 3.0 Axes
 + Level 4.6 Armour
 + Level 0.4 Dodging
 + Level 4.2 Shields


You had 2 spell levels left.
You didn't know any spells.

Dungeon Overview and Level Annotations

Branches:
Dungeon (2/15)

Altars:
Cheibriados
Elyvilon
Trog


Innate Abilities, Weirdness & Mutations

You reflexively headbutt those who attack you in melee.
You have a pair of horns on your head.


Message History

You furiously retaliate!
You headbutt the rat!
You kill the rat!
You hit the worm.
The worm is moderately wounded.
The worm barely misses you.
Your scale mail prevents you from hitting the worm.
The worm is moderately wounded.
The worm bites you!
The moth of wrath goads the worm on!
The worm goes berserk!
You slash the worm!
The worm is severely wounded.
You hit the worm.
The moth of wrath goads the worm on!
The worm goes berserk!
The worm bites you. x2; The worm bites you but does no damage.
The worm bites you!
* * * LOW HITPOINT WARNING * * *
The moth of wrath goads the worm on!
The worm goes berserk!
The worm bites you.
* * * LOW HITPOINT WARNING * * *
The worm bites you.
* * * LOW HITPOINT WARNING * * *
The worm bites you!
You die...

#.#.#.........
#......<..#...
###.......#.##
#.......#.#
###.......#######
#.............#
#.........##.##
##
###.....####'####
..
##.####..w@...##
..
#####...w.....#
.. #....w......#
#...w###....#
#...##y##...#
#....###....#
##.........##
#...._....#
##)))....##


You could see a moth of wrath and 4 worms.

Vanquished Creatures
  2 adders (D:2)
  2 oozes (D:2)
  3 dart slugs
  A giant cockroach (D:2)
  5 goblins
  4 hobgoblins
  2 jackals (D:1)
  A quokka (D:2)
  3 bats
  A frilled lizard (D:2)
  4 kobolds
  4 rats
32 creatures vanquished.

Notes
Turn   | Place    | Note
-------+----------+-------------------------------------------
     0 | D:1      | Aerates the Minotaur Fighter began the quest for the Orb.
     0 | D:1      | Reached XP level 1. HP: 19/19 MP: 0/0
   106 | D:1      | Reached XP level 2. HP: 25/27 MP: 1/1
   120 | D:1      | Found a snail-covered altar of Cheibriados.
   668 | D:2      | Reached XP level 3. HP: 33/33 MP: 2/2
   774 | D:2      | Found a white marble altar of Elyvilon.
  1169 | D:2      | Noticed a moth of wrath
  1171 | D:2      | Found a bloodstained altar of Trog.
  1185 | D:2      | Slain by a worm

Skill      XL: |  1  2  3 |
---------------+----------+-----
Armour         | 4 |  4.6
Fighting       | 4 |  4.1
Shields        | 4 |  4.2
Axes           | 3 |  3.0
Dodging        | |  0.4

Action                   || total
-------------------------++-------
Melee: War axe           ||    91
       Headbutt          ||    10
  Eat: Chunk             ||     1
Armor: Scale mail        ||    44
Dodge: Dodged            ||    25
Block: Shield            ||    53
